[Event "FIDE WY-U16 Olympiad 2022"]
[Site "Nakhchivan"]
[Date "2022.10.03"]
[Round "2.27"]
[White "Subramanian, Anusha"]
[Black "Jacobs, Elsje"]
[Result "1-0"]
[ECO "A06"]
[WhiteElo "1840"]
[BlackElo "1168"]
[Annotator "NA COMBH"]
[PlyCount "55"]
[EventDate "2022.10.02"]
[EventType "team-tourn"]
[EventCountry "AZE"]
[SourceTitle "playchess.com"]
[Source "ChessBase"]
[SourceQuality "1"]
[WhiteTeam "England"]
[BlackTeam "South Africa"]
[WhiteTeamCountry "ENG"]
[BlackTeamCountry "RSA"]
[TimeControl "40/5400+30:1800+30"]

1. Nf3 d5 2. c4 Nf6 3. g3 Nc6 4. cxd5 Nxd5 5. Nc3 Nxc3 6. bxc3 g6 7. Bg2 Bg7 8. d4 Bf5 9. O-O Qd7 10. Re1 Rd8 11. e4 Bg4 12. Qc2 O-O 13. Bb2 Rfe8 14. d5 Na5 15. Nd2 c6 16. c4 Bxb2 17. Qxb2 cxd5 18. cxd5 e5 19. Bf1 f5 20. Bb5 Nc6 21. dxc6 bxc6 22. Bc4+ Kg7 23. Nf1 fxe4 24. Rxe4 Qf5 25. Rae1 Bf3 26. Rxe5 Qh3 27. Rh5+ Kf8 28. Qf6# 1-0

[Event "FIDE WY-U16 Olympiad 2022"]
[Site "Nakhchivan"]
[Date "2022.10.03"]
[Round "2.28"]
[White "Sajidul, Haque"]
[Black "Caballero Ramos, Greter"]
[Result "0-1"]
[ECO "A45"]
[WhiteElo "1918"]
[BlackElo "1912"]
[Annotator "TA"]
[PlyCount "96"]
[EventDate "2022.10.02"]
[EventType "team-tourn"]
[EventCountry "AZE"]
[TimeControl "40/5400+30:1800+30"]

1. d4 Nf6 2. Bf4 d5 3. e3 e6 4. Nf3 Bd6 5. Bg3 O-O 6. Bd3 c5 7. c3 {[%emt 0:06:00] D02: 1 d4 d5 2 Nf3 sidelines, including 2...Nf6 3 g3 and 2...Nf6 3 Bf4.} Qc7 $1 {[%emt 0:00:08][%mdl 4] is now more promising than 7...Nc6.} 8. Ne5 Nc6 9. f4 {[%emt 0:01:18] The position is equal.} Ne7 10. Bh4 Ne4 11. Nd2 Nf5 {[%emt 0:12:17][%csl LRe3,LRh4] [#]} 12. Bxe4 $146 ({Predecessor:} 12. Bf2 Nxf2 13. Kxf2 f6 14. Nef3 e5 15. g4 Nxe3 16. Kxe3 e4 17. Bxe4 dxe4 18. Nxe4 {0-1 (26) Czopor,M (2427)-Fromm,M (2343) Chess.com INT 2021}) 12... dxe4 (12... Nxh4 13. Bxh7+ $1 Kxh7 14. Qh5+ Kg8 15. Qxh4 $16) 13. Bf2 f6 $36 {[%emt 0:01:56][%mdl 2048] Strongly threatening ...cxd4. Black has the initiative.} 14. Nec4 b5 15. Na3 (15. Nxd6 $11 {keeps the balance.} Nxd6 16. Nb3) 15... Bxf4 16. exf4 e3 17. Bxe3 Nxe3 18. Qf3 cxd4 {[%emt 0:04:39] Black is more active.} (18... Qxf4 19. Qxa8 b4 20. Nac4 (20. dxc5 $2 bxa3 21. Qf3 Nc2+ 22. Kd1 Qxf3+ 23. gxf3 Nxa1 $19) (20. g3 Qg4 $14) 20... bxc3 21. bxc3 Nxc4 22. Nxc4 $16) 19. Nxb5 {[%emt 0:03:22] This move loses the game for White.} (19. Qxa8 $2 {too greedy.} Bb7 20. Qxa7 (20. Nxb5 $2 Nxg2+ 21. Kd1 Ne3+ 22. Ke1 Ng2+ 23. Kd1 Ne3+ 24. Ke1 Qc6 $19) 20... Nxg2+ 21. Kd1 Bf3+ $1 22. Nxf3 Qxa7 23. Nxd4 Nxf4 $19) (19. cxd4 $17 Nxg2+ 20. Qxg2) 19... Qb8 20. Nxd4 Qxb2 21. Rb1 Qxc3 22. Qxa8 (22. Ne2 $142 Nc2+ 23. Kd1 Qxf3 24. Nxf3 Ne3+ 25. Ke1) 22... Qxd4 $19 23. Qc6 {[%emt 0:19:41] Inhibits Nc2+.} (23. Qe4 {nothing else works.} Qc3 24. Rb3 Qc1+ 25. Ke2 Qxh1 26. Rxe3) 23... Rd8 24. Nb3 Qd3 ({Wrong is} 24... Qxf4 $2 25. Rb2 $19) 25. Rc1 Ba6 26. Qf3 {[%emt 0:00:57] [#] Against Qe2+} Nxg2+ $1 27. Kf2 {[%emt 0:00:38] [#]} Qxf3+ {[%emt 0:00:27] Chess con chili.} (27... Nxf4 $142 $1 {[%mdl 512] aiming for ...Nh3+.} 28. Qxd3 Nxd3+ 29. Ke3 Nxc1 30. Rxc1 Rd7) 28. Kxf3 Bb7+ 29. Kf2 Nxf4 30. Rhd1 {[%emt 0:00:23] [#]} Rd3 31. Nc5 (31. Na5 $142 Rf3+ 32. Ke1) 31... Rf3+ 32. Ke1 {[%emt 0:00:14] Hoping for Rd8+.} Bd5 {[%emt 0:00:51] And now ...Re3+ would win.} 33. Rd2 g5 34. a4 h5 35. a5 h4 36. Rf2 Ra3 37. a6 Kg7 38. Rb1 Ra5 39. Rb7+ (39. Nb7 $142 Nd3+ 40. Kf1 Rxa6 41. Rc2) 39... Kg6 40. Rxa7 Rxc5 41. Rd2 {[%emt 0:30:45] Prevents Nd3+.} Ra5 42. Kf2 g4 {[%emt 0:00:21] ( -> ...Ra3)} 43. Ke3 Kf5 {[%emt 0:00:18] ...g3 is the strong threat.} 44. Rb2 g3 {[%emt 0:00:39] White must now prevent ...Ra3+.} 45. hxg3 hxg3 46. Rg7 Rxa6 47. Rxg3 Ra3+ 48. Kf2 Nh3+ {[%emt 0:00:00] Weighted Error Value: White=0.97/Black=0.39} 0-1

[Event "FIDE WY-U16 Olympiad 2022"]
[Site "Nakhchivan"]
[Date "2022.10.03"]
[Round "2.28"]
[White "Goliath, Brimarion"]
[Black "Dasgupta, Avyukt"]
[Result "1/2-1/2"]
[ECO "C10"]
[WhiteElo "1394"]
[BlackElo "1741"]
[Annotator "NA RC COMBH"]
[PlyCount "50"]
[EventDate "2022.10.02"]
[EventType "team-tourn"]
[EventCountry "AZE"]
[SourceTitle "playchess.com"]
[Source "ChessBase"]
[SourceQuality "1"]
[WhiteTeam "South Africa"]
[BlackTeam "England"]
[WhiteTeamCountry "RSA"]
[BlackTeamCountry "ENG"]
[TimeControl "40/5400+30:1800+30"]

1. e4 e6 2. d4 d5 3. Nd2 dxe4 4. Nxe4 Bd7 5. Nf3 Bc6 6. Bd3 Nd7 7. Qe2 Ngf6 8. Bg5 Be7 9. Bxf6 Bxf6 10. O-O O-O 11. c3 g6 12. Nxf6+ Qxf6 13. Be4 Bxe4 14. Qxe4 c6 15. Rfe1 Rfd8 16. Rad1 Nb6 17. Ne5 Nd5 18. Rd3 Qg7 19. Rf3 Rf8 20. Nd7 Rfd8 21. Ne5 Rf8 22. Nd7 Rfd8 23. Ne5 Rf8 24. Nd7 Rfd8 25. Ne5 Rf8 1/2-1/2

[Event "FIDE WY-U16 Olympiad 2022"]
[Site "Nakhchivan"]
[Date "2022.10.03"]
[Round "2.29"]
[White "Levitan, Judah Nathan"]
[Black "Davudov, Tunar"]
[Result "0-1"]
[ECO "D00"]
[WhiteElo "1725"]
[BlackElo "1868"]
[Annotator "NA RC COMBH"]
[PlyCount "120"]
[EventDate "2022.10.02"]
[EventType "team-tourn"]
[EventCountry "AZE"]
[SourceTitle "playchess.com"]
[Source "ChessBase"]
[SourceQuality "1"]
[WhiteTeam "South Africa"]
[BlackTeam "Azerbaijan"]
[WhiteTeamCountry "RSA"]
[BlackTeamCountry "AZE"]
[TimeControl "40/5400+30:1800+30"]

1. d4 d5 2. Bf4 Nf6 3. e3 e6 4. Nd2 Bd6 5. Ngf3 O-O 6. Bd3 c5 7. c3 Nc6 8. Bg3 b6 9. e4 dxe4 10. Nxe4 Nxe4 11. Bxe4 Bb7 12. dxc5 Bxc5 13. Qa4 Rc8 14. Rd1 Qe7 15. b4 Nxb4 16. Bxb7 Qxb7 17. cxb4 Qe4+ 18. Kf1 a5 19. Ne5 Bxb4 20. a3 Rc2 21. Qb5 Rd2 22. Re1 Qxe1+ 23. Kxe1 Rd5+ 24. Qxb4 axb4 25. Nc6 Rc5 26. Ne7+ Kh8 27. Ke2 bxa3 28. Bd6 Rc2+ 29. Kd3 Rxf2 30. Ke3 Rxg2 31. Ng6+ hxg6 32. Bxf8 a2 33. Bd6 b5 34. Kd3 b4 35. Kc4 Rb2 36. Ra1 b3 37. Be5 Rb1 38. Kb4 f6 39. Bc3 e5 40. Kc4 e4 41. Kd4 b2 42. Bxb2 Rxb2 43. Kxe4 Rxh2 44. Kf4 Kh7 45. Kg3 Rb2 46. Kf4 g5+ 47. Ke4 Kg6 48. Ke3 f5 49. Kf3 g4+ 50. Kf4 Rf2+ 51. Kg3 Rf3+ 52. Kg2 Ra3 53. Kf2 f4 54. Kg2 Kg5 55. Kf2 g3+ 56. Kg2 Kg4 57. Kg1 f3 58. Kf1 Rb3 59. Rd1 Rb1 60. Re1 a1=Q 0-1

[Event "FIDE WY-U16 Olympiad 2022"]
[Site "Nakhchivan"]
[Date "2022.10.03"]
[Round "2.30"]
[White "Israilov, Agil"]
[Black "Nwedo, Khodani"]
[Result "1-0"]
[ECO "B76"]
[WhiteElo "1883"]
[BlackElo "1356"]
[Annotator "NA RC COMBH"]
[PlyCount "53"]
[EventDate "2022.10.02"]
[EventType "team-tourn"]
[EventCountry "AZE"]
[SourceTitle "playchess.com"]
[Source "ChessBase"]
[SourceQuality "1"]
[WhiteTeam "Azerbaijan"]
[BlackTeam "South Africa"]
[WhiteTeamCountry "AZE"]
[BlackTeamCountry "RSA"]
[TimeControl "40/5400+30:1800+30"]

1. e4 c5 2. Nf3 d6 3. d4 cxd4 4. Nxd4 Nf6 5. Nc3 g6 6. Be3 Bg7 7. f3 O-O 8. Qd2 Nc6 9. g4 Be6 10. Nxe6 fxe6 11. O-O-O Ne5 12. Be2 Qa5 13. g5 Nfd7 14. f4 Nc6 15. e5 d5 16. Bg4 Kf7 17. Qg2 Nb6 18. Qh3 Nd8 19. f5 exf5 20. Bxf5 gxf5 21. Qxh7 Rh8 22. Qxf5+ Kg8 23. Qg6 Nc6 24. Qe6+ Kf8 25. Rhf1+ Ke8 26. Qf7+ Kd7 27. Bxb6 1-0

[Event "FIDE WY-U16 Olympiad 2022"]
[Site "Nakhchivan"]
[Date "2022.10.03"]
[Round "2.31"]
[White "Price, Rowan Daelen"]
[Black "Alizada, Pasham"]
[Result "1/2-1/2"]
[ECO "C00"]
[WhiteElo "1329"]
[BlackElo "1664"]
[Annotator "NA RC COMBH"]
[PlyCount "67"]
[EventDate "2022.10.02"]
[EventType "team-tourn"]
[EventCountry "AZE"]
[SourceTitle "playchess.com"]
[Source "ChessBase"]
[SourceQuality "1"]
[WhiteTeam "South Africa"]
[BlackTeam "Azerbaijan"]
[WhiteTeamCountry "RSA"]
[BlackTeamCountry "AZE"]
[TimeControl "40/5400+30:1800+30"]

1. e4 e6 2. c4 d5 3. exd5 exd5 4. cxd5 Nf6 5. Nc3 Be7 6. Nf3 O-O 7. Bc4 Nbd7 8. O-O Nb6 9. Bb3 Nbxd5 10. d4 Bf5 11. Re1 c6 12. Re5 Bg6 13. Bg5 Nxc3 14. bxc3 h6 15. Bh4 Re8 16. Qe2 Bd6 17. Bxf6 gxf6 18. Rxe8+ Qxe8 19. Qd2 Kg7 20. Nh4 Qd7 21. Re1 Re8 22. Nxg6 fxg6 23. g3 Re7 24. Re3 h5 25. Qe2 Rxe3 26. Qxe3 Qe7 27. Kf1 Qxe3 28. fxe3 f5 29. Ke2 Kf6 30. Kf3 Kg5 31. Bf7 Kf6 32. Bb3 Kg5 33. Bf7 Kf6 34. Bb3 1/2-1/2

[Event "FIDE WY-U16 Olympiad 2022"]
[Site "Nakhchivan"]
[Date "2022.10.03"]
[Round "2.32"]
[White "Rzali, Leyla"]
[Black "Nel, Hayley"]
[Result "1-0"]
[ECO "C60"]
[WhiteElo "1451"]
[BlackElo "1191"]
[Annotator "NA RC COMBH"]
[PlyCount "85"]
[EventDate "2022.10.02"]
[EventType "team-tourn"]
[EventCountry "AZE"]
[SourceTitle "playchess.com"]
[Source "ChessBase"]
[SourceQuality "1"]
[WhiteTeam "Azerbaijan"]
[BlackTeam "South Africa"]
[WhiteTeamCountry "AZE"]
[BlackTeamCountry "RSA"]
[TimeControl "40/5400+30:1800+30"]

1. e4 e5 2. Nf3 Nc6 3. Bb5 g6 4. O-O Bg7 5. Re1 Nge7 6. c3 O-O 7. d4 exd4 8. cxd4 a6 9. Ba4 b5 10. Bb3 d5 11. e5 Bg4 12. Be3 Nf5 13. Nc3 Bxf3 14. Qxf3 Ncxd4 15. Bxd4 Nxd4 16. Qxd5 Nxb3 17. axb3 b4 18. Qxd8 Rfxd8 19. Na2 a5 20. Re2 Re8 21. f4 Rad8 22. Rc1 Re7 23. Rc5 Ra8 24. Nc1 Bf8 25. Rec2 Ra7 26. Rd5 Ra8 27. Nd3 Bh6 28. g3 Kg7 29. g4 Kf8 30. g5 Bg7 31. Rcc5 Ke8 32. Rxa5 Rxa5 33. Rxa5 Rd7 34. Ra8+ Ke7 35. Nxb4 Rd1+ 36. Kf2 Rd2+ 37. Ke3 Rxh2 38. Nd5+ Ke6 39. Nxc7+ Kd7 40. Ne8 Bf8 41. Nf6+ Ke6 42. Rxf8 Rh3+ 43. Ke4 1-0

[Event "FIDE WY-U16 Olympiad 2022"]
[Site "Nakhchivan"]
[Date "2022.10.03"]
[Round "2.33"]
[White "Abdel Raouf, Zyad"]
[Black "Seyid, Huseyn"]
[Result "0-1"]
[ECO "B40"]
[WhiteElo "1609"]
[BlackElo "2097"]
[Annotator "TA"]
[PlyCount "106"]
[EventDate "2022.10.02"]
[EventType "team-tourn"]
[EventCountry "AZE"]
[SourceTitle "playchess.com"]
[Source "ChessBase"]
[SourceQuality "1"]
[WhiteTeam "Egypt"]
[BlackTeam "Azerbaijan"]
[WhiteTeamCountry "EGY"]
[BlackTeamCountry "AZE"]
[TimeControl "40/5400+30:1800+30"]

1. e4 c5 2. Nf3 e6 3. d4 cxd4 4. Nxd4 Nf6 5. Nc3 Nc6 6. f3 Bb4 {[%emt 0:02:54] B45: Sicilian Four Knights.} 7. a3 Bxc3+ 8. bxc3 d5 {[%emt 0:01:34] The position is equal.} 9. Bb5 (9. Nxc6 $11 bxc6 10. Qd4) 9... Bd7 $15 {[%emt 0:03:37] [#]} 10. Bxc6 $146 ({Predecessor:} 10. exd5 Nxd5 11. Nxc6 bxc6 12. c4 Nf6 13. Ba4 Qa5+ 14. c3 Qxc3+ 15. Bd2 Qxc4 16. Bb4 {½-½ (38) Zhuravlev,A (1672)-Abzalov,L Ufa 2012}) 10... Bxc6 11. e5 Nd7 12. f4 Nc5 13. Qf3 g6 14. Bd2 (14. O-O $15 {is more appropriate.}) 14... Ne4 $17 {[%emt 0:00:54] Black keeps a firm grip on the game.} 15. Nxc6 bxc6 16. Rb1 {[%emt 0:01:30] Inhibits Qb6.} Rb8 {[%emt 0:02:31] Black is more active.} 17. Rb4 (17. Ke2 $17) 17... a5 18. Rb3 (18. Rxb8 $142 Qxb8 19. Ke2) 18... a4 19. Rb4 c5 20. Rxb8 Qxb8 21. Qd1 {[%emt 0:05:39] Inhibits Qb1.} Qb5 22. Rf1 (22. Bc1 $142) 22... Ke7 23. Qc1 Rb8 24. Rf3 Qc4 {[%emt 0:01:21] Strongly threatening ...Qa2.} 25. Qa1 {[%emt 0:01:29] Against Qa2} h5 26. Rd3 (26. Kd1 $142) 26... Nxd2 $19 27. Rxd2 Qxf4 {[%emt 0:00:05][%mdl 4096] Endgame KQR-KQR} 28. g3 {[%emt 0:02:13] [#]} (28. Re2 $19) 28... Qxe5+ (28... Qe3+ $142 29. Re2 Qg1+ 30. Kd2 Qxa1 31. Re1 Qxa3 32. Kd3 d4 33. Ke2 Qxc3 34. Kf2 Rb2 35. Rc1 Qe3+ 36. Kg2 Qxc1 37. Kh3 Rxc2 38. g4 Qe3+ 39. Kh4 Rxh2#) 29. Re2 Qf6 30. Rf2 Qg5 31. Rf3 Qe5+ 32. Kd2 Qe4 (32... d4 $142 33. Qf1 f6) 33. Qf1 f5 34. Re3 $2 (34. Rf4 Qe5 35. Rxa4) 34... Qc4 35. Qe1 d4 36. cxd4 cxd4 37. Rd3 Rc8 38. Qb1 Rc7 {[%emt 0:01:25] White must now prevent ...e5.} 39. Qb2 e5 40. Kd1 Kf7 {[%emt 0:01:31] ( -> ...e4)} 41. h4 Qc6 (41... e4 $142 42. Rxd4 Qf1+ 43. Kd2 e3+ 44. Kxe3 Re7+ 45. Kd2 Qe1+ 46. Kd3 Qe3+ 47. Kc4 Rc7+ 48. Kb4 Rb7+ 49. Ka5 Rxb2 50. Rb4 Qa7+ 51. Kb5 Rxc2 52. Rc4 Qd7+ 53. Kc5 Qc7+ 54. Kb5 Qxc4+ 55. Kb6 Rb2+ 56. Ka7 Qc7+ 57. Ka8 Qb8#) 42. Kd2 {[%emt 0:01:19] [#]} Qc3+ $3 43. Rxc3 (43. Qxc3 Rxc3) 43... dxc3+ {[%emt 0:00:00] Black mates.} 44. Qxc3 Rxc3 45. Kxc3 {[%emt 0:00:02] KP-KP} Ke6 46. Kc4 Kd6 47. Kd3 Kc5 48. Ke3 Kc4 49. Kd2 Kd4 50. c3+ Kc4 51. Kc2 e4 52. Kd2 Kb3 53. Ke3 Kxc3 {[%emt 0:00:20] Weighted Error Value: White=0.74/Black=0.49} 0-1

[Event "FIDE WY-U16 Olympiad 2022"]
[Site "Nakhchivan"]
[Date "2022.10.03"]
[Round "2.34"]
[White "Humbatova, Nazli"]
[Black "Fahmi, Adham"]
[Result "1-0"]
[ECO "B32"]
[WhiteElo "1632"]
[BlackElo "1288"]
[Annotator "NA RC COMBH"]
[PlyCount "67"]
[EventDate "2022.10.02"]
[EventType "team-tourn"]
[EventCountry "AZE"]
[SourceTitle "playchess.com"]
[Source "ChessBase"]
[SourceQuality "1"]
[WhiteTeam "Azerbaijan"]
[BlackTeam "Egypt"]
[WhiteTeamCountry "AZE"]
[BlackTeamCountry "EGY"]
[TimeControl "40/5400+30:1800+30"]

1. e4 c5 2. Nf3 Nc6 3. d4 cxd4 4. Nxd4 e5 5. Nb5 d6 6. N1c3 Be6 7. Nd5 Bxd5 8. exd5 Nce7 9. c4 a6 10. Nc3 g6 11. Bd3 Bg7 12. Bc2 Nf6 13. Ba4+ Nd7 14. Ne4 Qc7 15. c5 Nc8 16. c6 bxc6 17. Bxc6 Rb8 18. Qa4 Ke7 19. O-O Ndb6 20. Qxa6 Na7 21. Nxd6 Nxc6 22. Nb5 Qc8 23. Qa3+ Kd8 24. dxc6 Qxc6 25. Rd1+ Nd7 26. Nd6 Rf8 27. Bd2 Nb6 28. Ba5 Kd7 29. Nf5+ Nd5 30. Qe7+ Kc8 31. Nd6+ Qxd6 32. Qxd6 Rd8 33. Qc6+ Nc7 34. Qxc7# 1-0

[Event "FIDE WY-U16 Olympiad 2022"]
[Site "Nakhchivan"]
[Date "2022.10.03"]
[Round "2.35"]
[White "Mohamed Mostafa, Omar"]
[Black "Abbasov, Sadig"]
[Result "1/2-1/2"]
[ECO "A06"]
[WhiteElo "1503"]
[BlackElo "1578"]
[Annotator "COMBH"]
[PlyCount "64"]
[EventDate "2022.10.02"]
[EventType "team-tourn"]
[EventCountry "AZE"]
[TimeControl "40/5400+30:1800+30"]

1. Nf3 d5 2. g3 Nf6 3. Bg2 e6 4. O-O g6 5. d3 Bg7 6. Nbd2 O-O 7. e4 c5 8. Re1 Nc6 9. c3 a5 10. a4 b6 11. Qc2 Re8 12. Nb1 Ba6 13. Rd1 Qd7 14. Na3 Red8 15. exd5 Nxd5 16. Bg5 Re8 17. Nc4 h6 18. Bd2 Qc7 19. Rac1 Rad8 20. h4 Rd7 21. Bf1 Red8 22. Be1 Nf6 23. Qb3 Bxc4 24. Qxc4 Ne5 25. Nxe5 Qxe5 26. Bd2 Nh5 27. Re1 Qb8 28. Qg4 Rd5 29. Rcd1 Qd6 30. Be3 Qd7 31. Qc4 Qc7 32. Qg4 c4 1/2-1/2

[Event "FIDE WY-U16 Olympiad 2022"]
[Site "Nakhchivan"]
[Date "2022.10.04"]
[Round "3.1"]
[White "Kilic, Eray"]
[Black "Madaminov, Mukhiddin"]
[Result "1/2-1/2"]
[ECO "C80"]
[WhiteElo "2428"]
[BlackElo "2441"]
[Annotator "TA"]
[PlyCount "155"]
[EventDate "2022.10.02"]
[EventType "team-tourn"]
[EventCountry "AZE"]
[SourceTitle "playchess.com"]
[Source "ChessBase"]
[SourceQuality "1"]
[WhiteTeam "Turkey"]
[BlackTeam "Uzbekistan"]
[WhiteTeamCountry "TUR"]
[BlackTeamCountry "UZB"]
[TimeControl "40/5400+30:1800+30"]

1. e4 e5 2. Nf3 Nc6 3. Bb5 a6 4. Ba4 Nf6 5. O-O Nxe4 6. Re1 Nc5 7. Bxc6 dxc6 8. Nxe5 Be7 9. d4 Ne6 10. Be3 O-O 11. Nc3 f6 {[%emt 0:07:51] C80: Open Ruy Lopez: Sidelines and 9 Nbd2.} 12. Nf3 Re8 13. d5 cxd5 14. Qxd5 Qxd5 15. Nxd5 Bd8 16. Rad1 {[%emt 0:06:03] [#]} Kf7 $146 ({Predecessor:} 16... b5 17. Nd4 Nxd4 18. Bxd4 Rxe1+ 19. Rxe1 Kf7 20. Bc5 Bf5 21. c3 Be6 22. Nb4 a5 {½-½ (53) Paetzold,O (1097)-McDonald,G (1580) LSS email 2007}) 17. Nd2 $1 b6 18. c4 Bb7 19. Nb3 a5 20. Nd4 Bxd5 21. cxd5 Nxd4 22. Rxd4 Be7 23. Rc1 Bd6 24. Rc6 Rad8 25. g3 g5 26. Rd3 Kg6 27. Kg2 h5 28. Kf3 g4+ 29. Kg2 Rd7 30. h3 Kf5 31. hxg4+ hxg4 32. Rd1 Rh8 33. Rd2 Be5 34. f3 (34. d6 $11) 34... Rhd8 (34... gxf3+ $17 35. Kxf3 Rg7) 35. fxg4+ $1 $11 Kxg4 36. Rc4+ Kf5 37. Bf4 (37. Rf2+ $11 {remains equal.} Kg6 38. Bf4) 37... Rxd5 $17 38. Rf2 c5 39. Bxe5+ Kxe5 {[%emt 0:00:07][%mdl 4096] Endgame KRR-KRR} 40. Rcf4 Rf8 41. g4 Ke6 (41... Rd4 $5 42. Rf5+ Ke6 $17) 42. R4f3 Re5 (42... Rg5 $17 43. Re3+ Kf7) 43. Rb3 $1 $11 {[%emt 0:00:32] The position is equal.} Rb8 44. Rbf3 {[%emt 0:00:00] Against f5} Rf8 45. Rb3 $1 Kf7 46. Rxb6 Kg6 47. Rf3 Re4 48. Kg3 Rb4 49. Rxb4 axb4 {[%emt 0:00:07] KR-KR} 50. Rf5 Ra8 51. Rxc5 Rxa2 52. Rc2 Kg5 53. Rc5+ Kh6 54. Rc2 Kg6 55. Kf3 Kg5 56. Rh2 Kg6 57. Rc2 Kf7 58. Re2 b3 59. Kg3 Kg6 60. Rf2 Ra4 61. Rf3 Rb4 62. Rc3 Kf7 63. Re3 Kg6 64. Rf3 Rb5 65. Kh4 Rb7 66. Rc3 Rb6 67. Rf3 Rb5 68. Rc3 Kf7 69. Re3 Rb8 70. Kg3 Kg6 71. Rf3 Rb4 72. Kh3 Rb5 73. Kh4 Kf7 74. Re3 Rb8 75. Kg3 Rb4 76. Kh3 Kg7 77. Rc3 Kg6 78. Rf3 {[%emt 0:00:00] Weighted Error Value: White=0.10 (very precise) /Black=0.09 (flawless)} 1/2-1/2

[Event "FIDE WY-U16 Olympiad 2022"]
[Site "Nakhchivan"]
[Date "2022.10.04"]
[Round "3.1"]
[White "Orozbaev, Eldiar"]
[Black "Mendez Machado, Andre"]
[Result "1-0"]
[ECO "A45"]
[WhiteElo "2344"]
[BlackElo "2009"]
[Annotator "TA"]
[PlyCount "108"]
[EventDate "2022.10.02"]
[EventType "team-tourn"]
[EventCountry "AZE"]
[SourceTitle "playchess.com"]
[Source "ChessBase"]
[SourceQuality "1"]
[WhiteTeam "Kyrgyzstan"]
[BlackTeam "Panama"]
[WhiteTeamCountry "KGZ"]
[BlackTeamCountry "PAN"]
[TimeControl "40/5400+30:1800+30"]

1. d4 Nf6 2. Bg5 d5 3. Bxf6 exf6 4. e3 Bd6 5. c4 dxc4 6. Bxc4 O-O 7. Nc3 f5 8. Nf3 Nd7 9. Qc2 {[%emt 0:08:25] is the legacy move (9.0-0). D00: 1 d4 d5: Unusual lines.} Nf6 10. O-O-O {[%emt 0:00:05] [#]} Bb4 $146 ({Predecessor:} 10... a6 11. h4 Bb4 12. Ne5 Bxc3 13. Qxc3 Qe7 14. h5 Ne4 15. Qc2 Nd6 16. Bd3 Be6 {1-0 (49) Nisipeanu,L (2670)-Boros,D (2504) Pardubice 2013}) 11. Ne5 {[%emt 0:01:30] The position is equal.} Bxc3 12. Qxc3 Ne4 13. Qc2 Nd6 14. Bd3 Be6 15. g4 $1 fxg4 16. Bxh7+ Kh8 17. h3 gxh3 ({Black should try} 17... g3) 18. f4 {[%emt 0:02:41] White is much more active.} (18. Bd3 $16) 18... g6 $2 {[%emt 0:05:39][%mdl 8192] [#]} (18... Qh4 $1 $14 19. d5 Qxh7 20. dxe6 Qxc2+ 21. Kxc2 Kg8) 19. Bxg6 $1 $18 {[%emt 0:00:21][%mdl 576] Demolition} fxg6 20. Qxg6 {[%emt 0:07:32] White threatens Qh6+ and mate.} Rf6 (20... Bf5 21. Rxh3+ $3 Bxh3 22. Qh6+ Kg8 23. Rg1+) 21. Qh5+ Kg7 {[%emt 0:00:34] White must now prevent ...Rh6.} 22. d5 (22. Rhg1+ $142 Kf8 23. Qh7) 22... Rh6 23. Rdg1+ Kh7 {[%emt 0:00:02] [#]} 24. Qxh6+ Kxh6 25. dxe6 Qh4 26. Nf3 $1 {[%emt 0:00:48][%mdl 1024] White has strong compensation.} Qh5 27. Rg3 Qc5+ 28. Kb1 {[%emt 0:01:22] Dancing on a razor blade.} (28. Kd1 $1 $18) 28... Qf5+ $16 29. Ka1 Qxe6 (29... Qh5 $2 30. Rgxh3 Qxh3 31. Rxh3+ Kg6 32. Ng5 $18) 30. Nd4 {[%emt 0:00:18][%mdl 64] Deflection} (30. Rhxh3+ Qxh3 31. Rxh3+ Kg6 $16) 30... Qd5 {[%emt 0:04:46] [#]} (30... Qg6 $16 31. Rhxh3+ (31. Rxg6+ Kxg6 32. Rxh3 Re8 $16) 31... Kg7) 31. e4 $1 $18 Qh5 32. Rgxh3 Qxh3 33. Rxh3+ {[%emt 0:00:04][%mdl 4096] Endgame KRN-KRN} Kg6 34. Rg3+ Kf7 35. e5 c5 36. Nb3 Ne4 (36... Rh8 $16 {was worth a try.} 37. a3 Nf5) 37. Re3 Rd8 (37... Rg8 {is a better defense.} 38. a4 Ng3) 38. Kb1 Nd2+ 39. Kc2 $1 Nxb3 40. Rxb3 {[%emt 0:00:03] KR-KR} (40. Kxb3 Ke6 $16) 40... b6 $2 (40... Ke6 41. Rxb7 Rf8) 41. Rd3 Rh8 42. f5 {[%emt 0:03:29] And now Rd7+ would win.} Rh5 43. e6+ ({Not} 43. Rd7+ Ke8 44. Rxa7 Rxf5 $16) 43... Kf6 44. Re3 {[%emt 0:00:00] aiming for e7.} Rh8 {[%emt 0:00:00] [#]} 45. Rf3 {[%emt 0:00:00] Hoping for Kd3.} Rd8 (45... Rh4 46. Kd3 Rd4+ 47. Ke2 Rd8) 46. Kc3 b5 47. Rd3 Rh8 {[%emt 0:00:00] [#]} 48. Rd5 Rh3+ 49. Kd2 Rh2+ 50. Ke3 Rxb2 {[%emt 0:00:00] [#]} 51. Re5 $3 Ke7 (51... Rb1 52. Ke2) 52. f6+ {[%emt 0:00:00] White mates.} Kxf6 53. e7 Rb1 54. e8=Q Re1+ {[%emt 0:00:03] Weighted Error Value: White=0.32/Black=0.66} 1-0

[Event "FIDE WY-U16 Olympiad 2022"]
[Site "Nakhchivan"]
[Date "2022.10.04"]
[Round "3.2"]
[White "Begmuratov, Khumoyun"]
[Black "Celik, Hasan Huseyin"]
[Result "1/2-1/2"]
[ECO "B10"]
[WhiteElo "2367"]
[BlackElo "2323"]
[Annotator "TA"]
[PlyCount "79"]
[EventDate "2022.10.02"]
[EventType "team-tourn"]
[EventCountry "AZE"]
[SourceTitle "playchess.com"]
[Source "ChessBase"]
[SourceQuality "1"]
[WhiteTeam "Uzbekistan"]
[BlackTeam "Turkey"]
[WhiteTeamCountry "UZB"]
[BlackTeamCountry "TUR"]
[TimeControl "40/5400+30:1800+30"]

1. e4 c6 2. Nf3 d5 3. d3 dxe4 4. dxe4 Qxd1+ 5. Kxd1 Bg4 6. Be3 {[%emt 0:06:57] B10: Caro-Kann: 2 d3 and 2 c4.} e6 7. Nbd2 Nd7 {[%emt 0:00:31] [#]} 8. c3 $146 ({Predecessor:} 8. Nb3 O-O-O 9. Ke1 Ngf6 10. Nfd2 e5 11. Bc4 Bh5 12. f3 Nb6 13. a4 Bb4 14. Be2 {1-0 (43) Hadzovic,A (2284)-Kurtcehajic,S (1978) Sarajevo 2021}) 8... Bc5 9. Bxc5 Nxc5 10. b4 Bxf3+ 11. gxf3 Nd7 12. Rg1 g6 13. f4 (13. Nc4 $5 ) 13... Ngf6 14. Ke2 a5 (14... O-O-O $5 ) 15. b5 (15. a4 $11 {keeps the balance.}) 15... cxb5 $17 16. Ke3 Rc8 17. Bxb5 Rxc3+ 18. Kd4 Rh3 ({Not} 18... Rc2 19. Kd3 Rc5 20. Rac1 $15) 19. Nc4 Ke7 (19... Rxh2 20. Rgb1 $17) 20. Nxa5 {[%emt 0:00:51] [#]} Ra8 (20... Rxh2 21. Bxd7 Nxd7 22. Rgb1 $17) ({Black should play} 20... Rf3 $1 $19 21. Nxb7 Rxf4 22. Bxd7 e5+ 23. Ke3 Rxe4+ 24. Kf3 Rf4+ 25. Kg2 Nxd7) 21. Nxb7 Ra7 22. Bxd7 Nxd7 23. Nc5 {[%emt 0:00:04] Against Ra4+} Nxc5 24. Kxc5 {[%emt 0:00:04][%mdl 4096] Endgame KRR-KRR} Rha3 ({Inferior is} 24... Rxh2 25. a4 $15) 25. Rgb1 Rxa2 26. Rb7+ Rxb7 27. Rxa2 {[%emt 0:00:03][%cal Of4f5] KR-KR} Rb3 28. Kd4 Rf3 29. Ke5 f6+ 30. Kd4 Rxf4 {[%emt 0:00:06] Threatens to win with ...h5.} 31. Ra7+ Kf8 32. Ke3 Rh4 {[%emt 0:00:16] Strongly threatening ...g5.} 33. Ra8+ Kg7 {[%emt 0:00:13] [#] ...g5 is the strong threat.} 34. Ra7+ Kh6 {[%emt 0:00:36] White must now prevent ...e5.} 35. Ra6 f5 36. Rxe6 fxe4 ({Much weaker is} 36... Rxh2 $6 37. exf5 Kg7 38. fxg6 $11) 37. Rxe4 Rxh2 38. Kf3 Rh1 ({Black should try} 38... Kg5 $17) 39. Kg2 $1 $11 Ra1 40. Re7 $1 {[%emt 0:00:05] Weighted Error Value: White=0.10 (very precise) /Black=0.13 (very precise)} 1/2-1/2